 Dungeon Crawl Stone Soup version 0.22.0-49-gab54619674 (webtiles) character file.

1627665 Vvilia the Conqueror (level 27, 273/273 HPs)
             Began as a Minotaur Gladiator on Sept 5, 2018.
             Was a High Priest of Wu Jian.
             Escaped with the Orb
             ... and 3 runes!
             The game lasted 07:23:04 (85505 turns).

Vvilia the Conqueror (Minotaur Gladiator)          Turns: 85505, Time: 07:23:04

Health: 273/273    AC: 51    Str: 23    XL:     27
Magic:  38/38      EV: 24    Int:  7    God:    Wu Jian [*****.]
Gold:   4972       SH:  0    Dex: 27    Spells: 20/26 levels left

rFire    + + .     SeeInvis +   a - +11 plutonium sword {*Contam Stlth-}
rCold    + + .     Gourm    .   (shield currently unavailable)
rNeg     + . .     Faith    .   E - +12 gold dragon scales
rPois    +         Spirit   .   (helmet unavailable)
rElec    .         Reflect  .   M - +2 cloak {+Inv}
rCorr    .         Harm     .   S - +1 pair of gloves {Dex+3}
MR       +++++     Clarity  +   w - +2 pair of boots {Fly} Stlth ..........Rnd*Tele +
                                n - amulet of the Four Winds {rN+ MR+++ Clar}
HPRegen  0.95/turn              P - ring "Xalig" {Ice MP+9 Str+3 Int+2 Slay+3}
MPRegen  0.26/turn              s - ring of protection from fire

@: no status effects
A: retaliatory headbutt, horns 3, yellow scales 2, see invisible, fire
resistance 1, poison resistance, regeneration 1, teleportitis 1
0: Orb of Zot
}: 3/15 runes: barnacled, silver, gossamer
a: Wall Jump, Serpent's Lash, Heavenly Storm, Renounce Religion, Evoke
Invisibility, Evoke Flight


You escaped.
You worshipped Wu Jian.
Wu Jian was extremely pleased with you.
You were not hungry.

You visited 10 branches of the dungeon, and saw 50 of its levels.
You visited 1 bazaar.
You also visited: Bailey and Wizlab.

You collected 7280 gold pieces.
You spent 2308 gold pieces at shops.

Inventory:

Hand Weapons
 a - the +11 plutonium sword (weapon) {*Contam Stlth-}
   (You found it on level 8 of the Dungeon)

   It causes magical contamination when unequipped.
   It makes you less stealthy.
Missiles
 d - 16 throwing nets {!f}
 t - 39 javelins
 v - 5 javelins of returning (quivered)
 B - 21 silver javelins
Armour
 e - a +2 hat
 u - a scarf of cloud immunity
 w - a +2 pair of boots of flying (worn)
 E - +12 gold dragon scales (worn)
 M - a +2 cloak of invisibility (worn)
 S - a +1 pair of gloves of dexterity (worn)
Jewellery
 b - an uncursed ring of protection from fire
 n - the amulet of the Four Winds (around neck) {rN+ MR+++ Clar}
   (You found it on level 5 of the Lair of Beasts)

   [amulet of nothing]

   It protects you from negative energy.
   It affects your resistance to hostile enchantments.
   It protects you against confusion.
 s - a ring of protection from fire (right hand)
 L - the ring of Shadows {Umbra +Inv Stlth+}
   (You took it off a deep elf master archer on level 3 of the Elven Halls)

   [ring of stealth]

   It lets you turn invisible.
   It makes you more stealthy.
 P - the ring "Xalig" (left hand) {Ice MP+9 Str+3 Int+2 Slay+3}
   (You took it off a deep elf blademaster on level 3 of the Elven Halls)

   [ring of ice]

   It enhances your ice magic.
   It affects your strength (+3).
   It affects your intelligence (+2).
   It affects your accuracy and damage with ranged weapons and melee attacks
   (+3).
   It makes you vulnerable to fire.
   It protects you from cold.
   It affects your magic capacity (+9).
Wands
 j - a wand of digging (15)
 H - a wand of enslavement (28)
 K - a wand of paralysis (10)
 Q - a wand of disintegration (31)
 R - a wand of acid (48)
 U - a wand of iceblast (33)
 Z - a wand of scattershot (14)
Scrolls
 h - 18 scrolls of remove curse {@r2}
 k - 10 scrolls of identify {@r1}
 l - a scroll of summoning
 m - 2 scrolls of enchant armour
 p - 3 scrolls of enchant weapon
 q - 5 scrolls of magic mapping
 A - 2 scrolls of fog
 C - 10 scrolls of fear
 D - 2 scrolls of immolation
 F - 6 scrolls of blinking
 G - 16 scrolls of teleportation
 T - 7 scrolls of holy word
Potions
 c - 4 potions of cancellation
 g - 3 potions of heal wounds {@q2}
 i - 16 potions of curing {@q1}
 o - 4 potions of magic
 z - 7 potions of invisibility
 I - 8 potions of agility
 J - 4 potions of haste
 O - 2 potions of brilliance
 V - 7 potions of might
 W - 3 potions of resistance
 Y - 5 potions of ambrosia
Miscellaneous
 r - a lightning rod (4/4)
 x - a lamp of fire
 y - a box of beasts
 N - 2 sacks of spiders
Comestibles
 f - 68 rations


   Skills:
 O Level 27 Fighting
 - Level 24.0 Long Blades
 - Level 16.0 Throwing
 + Level 24.7 Armour
 + Level 24.3 Dodging
 - Level 11.4 Charms
 - Level 9.5 Evocations


You had 20 spell levels left.
You knew the following spells:

 Your Spells              Type           Power        Failure   Level  Hunger
a - Infusion              Chrm           ###.         4%          1    ##.....
b - Song of Slaying       Chrm           ###.....     7%          2    ###....
c - Regeneration          Chrm/Necr      #.........   82%         3    ####...

Your spell library contained the following spells:

 Spells                   Type           Power        Failure   Level  Hunger
 Shroud of Golubria       Chrm/Tloc      #.........   58%         2    ###....
 Swiftness                Chrm/Air       #.......     58%         2    ###....
 Ozocubu's Armour         Chrm/Ice       ##......     82%         3    ####...
 Spectral Weapon          Hex/Chrm       #.......     82%         3    ####...
 Animate Skeleton         Necr           N/A          99%         1    ##.....
 Apportation              Tloc           #.....       99%         1    ##.....
 Beastly Appendage        Tmut           #.....       99%         1    ##.....
 Confusing Touch          Hex            #.....       99%         1    ##.....
 Corona                   Hex            #......      99%         1    ##.....
 Flame Tongue             Conj/Fire      #....        99%         1    ##.....
 Magic Dart               Conj           #...         99%         1    ##.....
 Sting                    Conj/Pois      #...         99%         1    ##.....
 Summon Butterflies       Summ           #.......     99%         1    ##.....
 Summon Small Mammal      Summ           #...         99%         1    ##.....
 Blink                    Tloc           N/A          100%        2    ###....
 Call Imp                 Summ           #.......     100%        2    ###....
 Corpse Rot               Necr           N/A          100%        2    ###....
 Ensorcelled Hibernation  Hex/Ice        #.....       100%        2    ###....
 Passwall                 Tmut/Erth      #.......     100%        2    ###....
 Searing Ray              Conj           #.....       100%        2    ###....
 Slow                     Hex            #.......     100%        2    ###....
 Sticks to Snakes         Tmut           #.......     100%        2    ###....
 Call Canine Familiar     Summ           #.......     100%        3    ####...
 Confuse                  Hex            #.......     100%        3    ####...
 Conjure Flame            Conj/Fire      #.......     100%        3    ####...
 Dazzling Spray           Conj/Hex       #.....       100%        3    ####...
 Gell's Gravitas          Tloc           #.........   100%        3    ####...
 Inner Flame              Hex/Fire       #.......     100%        3    ####...
 Lesser Beckoning         Tloc           #.........   100%        3    ####...
 Mephitic Cloud           Conj/Pois/Air  #.......     100%        3    ####...
 Recall                   Summ/Tloc      N/A          100%        3    ####...
 Spider Form              Tmut/Pois      #.........   100%        3    ####...
 Static Discharge         Conj/Air       #.......     100%        3    ####...
 Stone Arrow              Conj/Erth      #.....       100%        3    ####...
 Summon Guardian Golem    Hex/Summ       #.......     100%        3    ####...
 Teleport Other           Tloc           #.......     100%        3    ####...
 Tukima's Dance           Hex            #.......     100%        3    ####...
 Airstrike                Air            #.........   100%        4    #####..
 Cause Fear               Hex            #.........   100%        4    #####..
 Force Lance              Conj/Tloc      #.......     100%        4    #####..
 Fulminant Prism          Conj/Hex       #.........   100%        4    #####..
 Ice Form                 Ice/Tmut       #.......     100%        4    #####..
 Iskenderun's Mystic Bla  Conj           #.......     100%        4    #####..
 Leda's Liquefaction      Hex/Erth       #.........   100%        4    #####..
 Summon Ice Beast         Ice/Summ       #.......     100%        4    #####..
 Summon Lightning Spire   Summ/Air       #.......     100%        4    #####..
 Alistair's Intoxication  Tmut/Pois      #.......     100%        5    ######.
 Aura of Abjuration       Summ           #.........   100%        5    ######.
 Blade Hands              Tmut           #.........   100%        5    ######.
 Bolt of Magma            Conj/Fire/Erth #.........   100%        5    ######.
 Fireball                 Conj/Fire      #.........   100%        5    ######.
 Iskenderun's Battlesphe  Conj/Chrm      #.......     100%        5    ######.
 Metabolic Englaciation   Hex/Ice        #.........   100%        5    ######.
 Silence                  Hex/Air        #.........   100%        5    ######.
 Summon Demon             Summ           #.........   100%        5    ######.
 Summon Forest            Summ/Tloc      #.........   100%        5    ######.
 Summon Mana Viper        Hex/Summ       #.......     100%        5    ######.
 Venom Bolt               Conj/Pois      #.........   100%        5    ######.
 Yara's Violent Unravell  Hex/Tmut       #.........   100%        5    ######.
 Bolt of Cold             Conj/Ice       #.........   100%        6    #######
 Bolt of Fire             Conj/Fire      #.........   100%        6    #######
 Deflect Missiles         Chrm/Air       #.........   100%        6    #######
 Freezing Cloud           Conj/Ice/Air   #.........   100%        6    #######
 Hydra Form               Tmut           #.........   100%        6    #######
 Invisibility             Hex            #.......     100%        6    #######
 Iron Shot                Conj/Erth      #.........   100%        6    #######
 Ozocubu's Refrigeration  Ice            #.........   100%        6    #######
 Shadow Creatures         Summ           N/A          100%        6    #######
 Simulacrum               Ice/Necr       #.........   100%        6    #######
 Statue Form              Tmut/Erth      #........    100%        6    #######
 Dragon Form              Tmut           #.........   100%        7    #######
 Orb of Destruction       Conj           #.........   100%        7    #######
 Spellforged Servitor     Conj/Summ      #.........   100%        7    #######
 Summon Hydra             Summ           #.........   100%        7    #######
 Discord                  Hex            #.........   100%        8    #######
 Disjunction              Tloc           #.........   100%        8    #######
 Ignition                 Fire           #.........   100%        8    #######
 Dragon's Call            Summ           #.........   100%        9    #######
 Passage of Golubria      Tloc           Unusable     N/A         4    N/A

Dungeon Overview and Level Annotations

Branches:
Dungeon (15/15)            Temple (1/1) D:7            Lair (6/6) D:9
 Shoals (4/4) Lair:3       Spider (4/4) Lair:3        Slime (0/5) Lair:5
    Orc (2/2) D:11            Elf (3/3) Orc:2        Vaults (5/5) D:14
  Crypt (0/3) Vaults:2     Depths (5/5) D:15            Zot (5/5) Depths:5

Altars:
Ashenzari
Cheibriados
Dithmenos
Elyvilon
Fedhas
Gozag
Hepliaklqana
Kikubaaqudgha
Makhleb
Nemelex Xobeh
Okawaru
Qazlal
Ru
Sif Muna
Trog
Uskayaw
Vehumet
Wu Jian
Xom
Yredelemnul
Zin
The Shining One
Jiyva

Shops:
D:4 :   D:7 [   D:10 }   Orc:1 *   Orc:2 [(*:   Elf:2 =   Shoals:2 *
Shoals:4 !%*[   Vaults:1 *   Depths:1 *

Portals:
Hell: Depths:1 Depths:2 Depths:3 Depths:4 Depths:5
Abyss: Depths:1 Depths:4
Pandemonium: Depths:3
Ziggurat: Depths:2

Annotations:
Lair:5 1 runed door
Spider:4 1 runed door, IceCat's ghost, adept DrTm
Elf:2 5 runed doors, IceCat's ghost, veteran HOFi
Depths:1 3 runed doors, Kireo's ghost, veteran HaFi
Depths:4 2 runed doors


Innate Abilities, Weirdness & Mutations

You reflexively headbutt those who attack you in melee.
You have a pair of large horns on your head.
You are mostly covered in yellow scales. (AC +3)
You have supernaturally acute eyesight. (SInv)
Your flesh is heat resistant. (rF+)
Your system is resistant to poisons. (rPois)
Your natural rate of healing is unusually fast.
You are occasionally teleported next to monsters.


Message History

You hit the sun demon.
The sun demon is heavily wounded.
You chop the sun demon into pieces!!!
You kill the sun demon!
The Council accepts your kill.
There is an open door here.
An Orb Guardian comes into view.
An Orb Guardian is nearby!
The Orb Guardian moves out of view.
There is an open door here.
The Orb Guardian hits you but does no damage.
You cut the Orb Guardian into ribbons!!!
You headbutt the Orb Guardian.
The Orb Guardian is heavily wounded.
The Orb Guardian closely misses you.
You chop the Orb Guardian into pieces!!!
You kill the Orb Guardian!
The Council accepts your kill.
There is a staircase leading out of the dungeon here.
You have escaped!

#### #... #.## #.#
#.## #.##
######### ####.#.
#@...≈≈.# #......
####.≈≈≈# #.##...
#≈.≈.≈.P# #.##...
#≈PP.≈≈P####.####.
#≈.≈.≈≈≈#.........
#.≈..≈≈≈####.####.
#..≈.≈P≈# #.####+
#'####### #......
#.###.### ####...


There were no monsters in sight!

Vanquished Creatures
  7 ancient liches
  6 orbs of fire
  Mara (Vaults:4)
  A juggernaut (Depths:5)
  2 curse toes
  6 caustic shrikes
  3 Killer Klowns
  11 golden dragons
  Jory (Depths:4)
  A hellephant (D:15)
  3 bone dragons
  Rupert (D:13)
  4 liches
  20 tentacled monstrosities
  4 electric golems (Zot:5)
  24 Orb Guardians
  2 deep elf blademasters (Elf:3)
  3 quicksilver dragons
  Asterion (Vaults:2)
  2 acid blobs (Zot:3)
  8 death cobs
  9 titans
  2 deep elf master archers (Elf:3)
  2 sphinxes (Vaults:5)
  13 shadow dragons
  Gastronok (D:12)
  7 tengu reavers
  Kirke (D:12)
  2 draconian monks
  2 azure jellies
  15 storm dragons
  Roxanne (D:14)
  An azure jelly (shapeshifter) (Zot:4)
  Donald (Elf:3)
  8 fire giants
  12 frost giants
  12 vault wardens
  3 draconian knights
  2 iron dragons (Zot:3)
  7 deep elf sorcerers
  Louise (Elf:3)
  14 ghost moths
  An orc warlord (Orc:1)
  7 draconian scorchers
  A balrug (Depths:4)
  7 deep elf elementalists
  A curse skull (Vaults:2)
  6 emperor scorpions
  7 draconian shifters
  A draconian stormcaller (Zot:3)
  A spriggan defender (Depths:2)
  15 stone giants
  16 ironheart preservers
  6 draconian annihilators
  29 very ugly things
  3 war gargoyles
  A juggernaut skeleton (Depths:2)
  A vampire knight (Depths:4)
  5 entropy weavers
  9 purple draconians
  4 deep elf demonologists
  10 deep elf annihilators
  A lorocyproca (Zot:4)
  8 black draconians
  7 green draconians
  4 spark wasps
  8 red draconians
  5 white draconians
  4 minotaurs
  13 yellow draconians
  4 orange crystal statues
  A dire elephant (Depths:2)
  2 eidola (Depths:3)
  A merfolk javelineer (Shoals:2)
  11 deep elf death magi
  7 merfolk impalers (Shoals:4)
  Josephine (D:14)
  The ghost of Naurics the Basher, a journeyman HuSk of Okawaru (Lair:2)
  The ghost of Naurics the Basher, a journeyman HuSk of Okawaru (Lair:2)
  9 fire dragons
  A crystal guardian (Zot:4)
  Fannar (Lair:3)
  12 ettins
  The ghost of Hedig the Geomancer, a journeyman GrEE of Vehumet (Lair:2)
  8 deep elf high priests
  8 rakshasas
  29 yaktaur captains
  9 hydras
  4 great orbs of eyes
  8 ice dragons
  The ghost of Ivadekk the Grappler, a journeyman DrTm of Okawaru (Lair:2)
  7 merfolk aquamancers
  2 catoblepae
  14 centaur warriors
  40 vault guards
  The ghost of lis82 the Geomancer, a journeyman DgEE (D:12)
  3 merfolk avatars
  3 satyrs
  2 anacondas
  5 spriggan air magi
  2 hell hogs
  25 dancing weapons
  2 vampire magi (Depths:1)
  An alligator snapping turtle (Vaults:4)
  3 tengu warriors
  13 ogre magi
  3 queen ants
  An alligator (Depths:1)
  5 death knights
  5 death yaks
  32 two-headed ogres
  3 spriggan berserkers
  8 deep troll shamans
  4 orc high priests
  7 deep troll earth magi
  Urug (D:12)
  A storm dragon zombie (Vaults:3)
  4 sun demons
  A soul eater (Depths:3)
  12 deep elf knights
  2 hell knights
  4 iron trolls
  A salamander mystic (Depths:4)
  2 shock serpents
  2 small abominations
  3 shadow wraiths
  18 skeletal warriors
  4 flayed ghosts
  2 unseen horrors
  A sixfirhy (D:2)
  15 sea snakes
  A spectral anaconda (Depths:3)
  22 deep trolls
  6 phantasmal warriors
  3 wizards
  15 deep elf archers
  3 glowing orange brains
  20 orc knights
  2 swamp dragons
  The ghost of SaintSock the Destroyer, a novice DrCj of Vehumet (D:6)
  14 ironbrand convokers
  2 lindwurms
  An orb spider (shapeshifter) (Depths:3)
  67 deep elf magi
  5 necromancers
  24 orb spiders
  23 harpies
  2 harpies (shapeshifter)
  59 ugly things
  2 mana vipers (Depths:3)
  25 wolf spiders
  11 cyclopes
  A wolf spider zombie (D:15)
  11 manticores
  A glowing shapeshifter (Vaults:2)
  5 orc sorcerers
  7 fauns
  A stone giant skeleton (Vaults:2)
  A shining eye (Elf:3)
  Maurice (D:8)
  12 black mambas
  21 moths of wrath
  Joseph (D:8)
  An elephant (shapeshifter) (Vaults:4)
  8 elephants
  10 merfolk sirens
  A rust devil (D:4)
  A centaur zombie (D:10)
  4 guardian serpents (shapeshifter)
  4 salamanders
  4 guardian serpents
  A torpor snail (Shoals:3)
  4 gargoyles
  Psyche (D:9)
  An eye of devastation (Shoals:2)
  7 vault sentinels
  5 water nymphs
  An orange demon (Zot:3)
  16 spiny frogs
  A human zombie (Vaults:3)
  56 yaktaurs
  3 anaconda simulacra (Depths:3)
  A yaktaur (shapeshifter) (Vaults:4)
  2 kobold demonologists (D:11)
  9 rime drakes
  15 komodo dragons
  3 freezing wraiths
  3 ice devils (D:12)
  14 demonic crawlers
  4 harpy zombies
  4 tengu conjurers
  A hellwing (Depths:4)
  5 spectral merfolk (Depths:3)
  19 merfolk
  28 jumping spiders
  A queen bee (shapeshifter) (Elf:1)
  12 trolls
  3 polar bears
  A spriggan skeleton (Depths:2)
  3 red devils
  A tengu simulacrum (Vaults:3)
  A meliai (shapeshifter) (Vaults:5)
  A queen bee (Spider:3)
  4 meliai
  3 raiju
  A wind drake (Shoals:4)
  2 tyrant leeches
  11 hornets
  3 frost giant simulacra
  18 hippogriffs
  14 blink frogs
  32 slime creatures
  6 snapping turtles
  A raiju (shapeshifter) (Vaults:4)
  An ettin zombie (Vaults:3)
  6 dream sheep
  A hippogriff (shapeshifter) (Depths:5)
  5 air elementals
  A shapeshifter (Zot:4)
  45 redbacks
  3 spriggans
  7 shadows
  32 tarantellas
  4 vampires
  12 water elementals
  A neqoxec (D:2)
  12 wyverns
  Eustachio (D:4)
  14 wraiths
  26 yaks
  4 basilisks
  A hungry ghost (D:10)
  2 golden eyes (Depths:1)
  3 fire elementals
  5 hogs (D:12)
  4 vampire mosquitoes (Elf:3)
  A steam dragon (Lair:6)
  3 chaos spawn
  Menkaure (D:5)
  8 wargs
  A soldier ant (shapeshifter) (D:13)
  4 porcupines
  3 acid dragons
  A hydra simulacrum (Depths:3)
  30 water moccasins
  11 hell hounds
  2 spectral spriggans (Depths:3)
  A water moccasin (shapeshifter) (Depths:1)
  2 floating eyes
  5 spectral trolls (Depths:3)
  2 meliai simulacra (D:12)
  2 swamp drakes (Lair:6)
  A snapping turtle zombie (Depths:3)
  6 black bears
  2 black bears (shapeshifter)
  9 ice beasts
  59 orc warriors
  A sky beast (D:8)
  An orc zombie (Vaults:2)
  A tengu (shapeshifter) (D:15)
  2 necrophages
  37 ogres
  2 phantoms
  23 boggarts
  29 wolves
  27 centaurs
  An orc skeleton (Vaults:2)
  A crocodile (shapeshifter) (D:14)
  13 crocodiles
  2 hippogriff zombies (Shoals:3)
  A big kobold (D:11)
  A big kobold (shapeshifter) (Depths:1)
  14 bullfrogs
  3 earth elementals
  A glowing shapeshifter simulacrum (Vaults:1)
  A wyvern zombie (D:14)
  A water moccasin zombie (D:8)
  A wyvern skeleton (D:8)
  2 scorpions
  2 spectral nagas (Depths:3)
  3 spectral ogres (Depths:3)
  10 killer bees
  2 electric eels
  10 wights
  A bullfrog zombie (D:8)
  A howler monkey (D:8)
  3 jellies
  9 crimson imps
  11 hounds
  3 human simulacra
  2 lava snakes
  A wyvern simulacrum (D:12)
  25 orc priests
  5 centaur skeletons
  A gnoll shaman (D:9)
  Crazy Yiuf (D:2)
  2 bullfrog skeletons
  24 orc wizards
  7 iguanas
  An iron imp (D:7)
  Jessica (D:2)
  17 worker ants
  7 hell rats (Lair:2)
  3 bullfrog simulacra (D:12)
  2 centaur simulacra
  2 hound zombies
  A hound skeleton (D:8)
  Robin (D:2)
  2 worker ant zombies
  A howler monkey skeleton (D:4)
  17 gnolls
  11 adders
  7 shadow imps
  2 adder skeletons (D:9)
  2 adder zombies
  3 worms
  A dart slug (D:3)
  5 leopard geckos
  108 orcs
  2 ball pythons
  A bat zombie (Shoals:3)
  4 giant cockroaches
  20 goblins
  17 hobgoblins
  14 jackals
  4 quokkas
  5 bats
  7 frilled lizards
  26 kobolds
  A quokka skeleton (D:4)
  4 rats
  A butterfly (Zot:4)
  3 crawling corpses
  5 fire vortices
  A fungus (D:2)
  A plant (Lair:6)
2459 creatures vanquished.

Vanquished Creatures (others)
  A draconian scorcher (Zot:4)
  A red draconian (Zot:3)
  An ettin (shapeshifter) (Zot:4)
  A vault guard (Vaults:5)
  An orc knight (Vaults:2)
  An ugly thing (Vaults:1)
  A salamander (Depths:4)
  A moth of wrath (Zot:5)
  A centaur skeleton (D:14)
  A warg (Depths:3)
  An ogre (Vaults:5)
  2 boggarts (Zot:4)
  An orc priest (Vaults:2)
  An orc wizard (D:7)
  3 orcs
  38 fungi
  66 plants
  2 withered plants (Lair:2)
124 creatures vanquished.

Grand Total: 2583 creatures vanquished

Notes
Turn   | Place    | Note
-------+----------+-------------------------------------------
     0 | D:1      | Vvilia the Minotaur Gladiator began the quest for the Orb.
     0 | D:1      | Reached XP level 1. HP: 18/18 MP: 0/0
   701 | D:1      | Reached XP level 2. HP: 22/25 MP: 1/1
   848 | D:2      | Noticed Jessica
   870 | D:2      | Killed Jessica
   870 | D:2      | Reached skill level 3 in Fighting
   870 | D:2      | Reached XP level 3. HP: 30/31 MP: 2/2
  1024 | D:2      | Noticed Robin
  1384 | D:2      | Killed Robin
  1384 | D:2      | Reached skill level 5 in Long Blades
  1384 | D:2      | Reached XP level 4. HP: 34/38 MP: 3/3
  2090 | D:2      | Found an iron altar of Okawaru.
  2553 | D:2      | Found a runed door.
  2557 | D:2      | Noticed Crazy Yiuf
  2563 | D:2      | Killed Crazy Yiuf
  2563 | D:2      | Reached XP level 5. HP: 38/46 MP: 4/4
  2645 | D:3      | Found a faded altar of an unknown god.
  2723 | D:3      | Reached skill level 4 in Fighting
  3132 | D:3      | Reached XP level 6. HP: 21/52 MP: 5/5
  4107 | D:4      | Found a hazy altar of Hepliaklqana.
  4191 | D:4      | Noticed Eustachio
  4203 | D:4      | Killed Eustachio
  4203 | D:4      | Reached skill level 5 in Fighting
  4203 | D:4      | Reached skill level 5 in Dodging
  4203 | D:4      | Reached XP level 7. HP: 58/61 MP: 6/6
  4278 | D:4      | Found Vilupica's Book Shop.
  4349 | D:4      | Found a snail-covered altar of Cheibriados.
  4704 | D:5      | Entered Level 5 of the Dungeon
  5017 | D:5      | Noticed Menkaure
  5045 | D:5      | Killed Menkaure
  5501 | D:6      | Reached skill level 6 in Fighting
  5501 | D:6      | Reached XP level 8. HP: 46/70 MP: 7/7
  5696 | D:6      | Found a sacrificial altar of Ru.
  5725 | D:6      | Found a runed gate.
  5727 | D:6      | Found a runed gate.
  5727 | D:6      | Found an opulent altar of Gozag.
  5728 | D:6      | Found a runed gate.
  5731 | D:6      | Noticed SaintSock's ghost (novice DrCj)
  6260 | D:7      | Found Risygyma's Armour Emporium.
  6731 | D:7      | Reached skill level 10 in Long Blades
  6739 | D:7      | Reached skill level 7 in Fighting
  7194 | D:7      | Found a staircase to the Ecumenical Temple.
  7202 | Temple   | Entered the Ecumenical Temple
  7218 | Temple   | Became a worshipper of the Wu Jian Council
  7295 | D:7      | Found a basalt altar of Yredelemnul.
  7425 | D:8      | Noticed Maurice
  7594 | D:8      | Killed Maurice
  7594 | D:8      | Reached XP level 9. HP: 25/79 MP: 8/8
  7993 | D:8      | Got an ichor-stained dagger
  7994 | D:8      | Identified the +1 dagger of the Lost Blessings {speed, rC+
                  | Str+4 Int+2} (You found it on level 8 of the Dungeon)
  8053 | D:8      | Noticed Joseph
  8089 | D:8      | Killed Joseph
  8089 | D:8      | Reached skill level 8 in Fighting
  8221 | D:8      | Found a deep blue altar of Sif Muna.
  8223 | D:8      | Found a hide-covered altar of Uskayaw.
  8298 | D:8      | Found a burning altar of Makhleb.
  8357 | D:8      | Found a runed door.
  8358 | D:8      | Noticed a deep elf mage
  8359 | D:8      | Noticed a wolf spider
  8360 | D:8      | Found a runed door.
  8360 | D:8      | Found a runed door.
  8360 | D:8      | Noticed a troll
  8361 | D:8      | Noticed a wolf spider
  8500 | D:8      | Reached * piety under Wu Jian
  8889 | D:9      | Found a staircase to the Lair.
  9138 | D:9      | Reached XP level 10. HP: 86/90 MP: 9/9
  9148 | D:9      | Noticed a two-headed ogre
  9149 | D:9      | Noticed a glowing shapeshifter
  9149 | D:9      | a two-headed ogre changed into a glowing shapeshifter
  9150 | D:9      | Noticed a torpor snail
  9150 | D:9      | a glowing shapeshifter changed into a torpor snail
  9151 | D:9      | Noticed Psyche
  9151 | D:9      | a torpor snail changed into a dream sheep
  9153 | D:9      | Noticed a cyclops
  9153 | D:9      | a dream sheep changed into a cyclops
  9159 | D:9      | Reached skill level 9 in Fighting
  9164 | D:9      | Noticed a water nymph
  9164 | D:9      | Paralysed by Psyche for 7 turns
  9165 | D:9      | Noticed a death drake
  9165 | D:9      | a water nymph changed into a death drake
  9166 | D:9      | a death drake changed into a merfolk
  9173 | D:9      | Noticed a glowing shapeshifter
  9173 | D:9      | a merfolk changed into a glowing shapeshifter
  9174 | D:9      | Noticed a manticore
  9174 | D:9      | a glowing shapeshifter changed into a manticore
  9185 | D:9      | Killed Psyche
  9187 | D:9      | Noticed a glowing shapeshifter
  9187 | D:9      | a manticore changed into a glowing shapeshifter
  9187 | D:9      | Noticed a water nymph
  9187 | D:9      | a glowing shapeshifter changed into a water nymph
  9188 | D:9      | a water nymph changed into a floating eye
  9189 | D:9      | Noticed a mana viper
  9189 | D:9      | a floating eye changed into a mana viper
  9190 | D:9      | a mana viper changed into a swamp worm
  9198 | D:9      | Noticed a lindwurm
  9198 | D:9      | a swamp worm changed into a lindwurm
  9201 | D:9      | Noticed a fire crab
  9201 | D:9      | a lindwurm changed into a fire crab
  9785 | D:9      | Noticed a harpy
  9790 | D:9      | Killed a harpy
  9890 | D:9      | Found a shimmering altar of Xom.
  9917 | D:9      | Learned a level 1 spell: Infusion
 10087 | D:10     | Entered Level 10 of the Dungeon
 10116 | D:10     | Got a dazzling scimitar
 10122 | D:10     | Identified the +3 scimitar "Utuwytesh" {protect, rPois MR+
                  | Str+3} (You found it on level 10 of the Dungeon)
 10194 | D:10     | Reached ** piety under Wu Jian
 10521 | D:10     | Reached skill level 10 in Fighting
 10532 | D:10     | Noticed a red ugly thing
 10543 | D:10     | Killed a green ugly thing
 10912 | D:10     | Noticed a centaur warrior
 10928 | D:10     | Killed a centaur warrior
 10928 | D:10     | Reached skill level 10 in Dodging
 10928 | D:10     | Reached XP level 11. HP: 88/101 MP: 10/10
 11161 | D:10     | Found Qaedut's Gadget Shop.
 11413 | Lair:1   | Entered Level 1 of the Lair of Beasts
 11510 | Lair:1   | Reached skill level 1 in Armour
 11616 | Lair:1   | Reached skill level 1 in Evocations
 12141 | Lair:1   | Reached skill level 11 in Fighting
 12257 | Lair:1   | Reached *** piety under Wu Jian
 12738 | Lair:2   | Noticed an eight-headed hydra
 12750 | Lair:2   | Killed an eight-headed hydra
 13459 | Lair:2   | Reached XP level 12. HP: 110/110 MP: 14/14
 13742 | Lair:2   | Reached skill level 5 in Evocations
 13993 | Lair:2   | Found a runed gate.
 13993 | Lair:2   | Found a runed gate.
 13993 | Lair:2   | Found a runed gate.
 13993 | Lair:2   | Noticed Naurics's ghost (journeyman HuSk)
 13994 | Lair:2   | Noticed Naurics's ghost (journeyman HuSk)
 13994 | Lair:2   | Noticed Hedig's ghost (journeyman GrEE)
 13994 | Lair:2   | Noticed Ivadekk's ghost (journeyman DrTm)
 14080 | Lair:2   | Reached skill level 5 in Armour
 14324 | Lair:3   | Found a hole to the Spider Nest.
 14409 | Lair:3   | Reached skill level 5 in Throwing
 14424 | Lair:3   | Found a glowing golden altar of the Shining One.
 14466 | Lair:3   | Reached **** piety under Wu Jian
 14551 | Lair:3   | Noticed Fannar
 14624 | Lair:3   | Killed Fannar
 14967 | Lair:3   | Found a staircase to the Shoals.
 14994 | Lair:3   | Noticed a seven-headed hydra
 15002 | Lair:3   | Killed a seven-headed hydra
 15002 | Lair:3   | Reached skill level 12 in Fighting
 15309 | Lair:3   | Noticed a death yak
 15334 | Lair:3   | Noticed a four-headed hydra
 15342 | Lair:3   | Killed a death yak
 15410 | Lair:3   | Killed a four-headed hydra
 16421 | Lair:4   | Reached XP level 13. HP: 119/119 MP: 17/17
 16538 | Lair:4   | Found the +8 whip "Snakebite" {curare, rPois}
 17023 | Lair:5   | Found the amulet of the Four Winds {rN+ MR+++ Clar}
 17097 | Lair:5   | Reached ***** piety under Wu Jian
 17393 | Lair:5   | Found a runed door.
 17403 | Lair:5   | Noticed an azure jelly
 17406 | Lair:5   | Found a viscous altar of Jiyva.
 17408 | Lair:5   | Found a staircase to the Slime Pits.
 17408 | Lair:5   | Noticed an azure jelly
 17408 | Lair:5   | Noticed an azure jelly
 17847 | Lair:6   | Entered Level 6 of the Lair of Beasts
 18115 | Lair:6   | Reached skill level 13 in Fighting
 19512 | Lair:6   | Reached XP level 14. HP: 129/129 MP: 19/19
 21060 | D:11     | Found a flagged portal.
 21087 | Bailey   | Entered a bailey
 21396 | Bailey   | Reached skill level 10 in Armour
 21480 | Bailey   | Reached ****** piety under Wu Jian
 21734 | Bailey   | Identified a scroll of acquirement
 21886 | D:11     | Reached skill level 14 in Fighting
 21886 | D:11     | Reached skill level 1 in Charms
 22301 | D:11     | Found a staircase to the Orcish Mines.
 22787 | Orc:1    | Entered Level 1 of the Orcish Mines
 22970 | Orc:2    | Entered Level 2 of the Orcish Mines
 23093 | Orc:2    | Noticed an orc warlord
 24034 | Orc:1    | Killed an orc warlord
 24137 | Orc:2    | Found a staircase to the Elven Halls.
 24890 | Orc:1    | Found Isel's Assorted Antiques.
 25317 | Orc:1    | Reached skill level 15 in Long Blades
 25648 | Orc:2    | Gained mutation: Scrolls take you a little longer to read.
                  | [a neqoxec]
 25651 | Orc:2    | Gained mutation: Your body sometimes deteriorates upon
                  | taking damage. [a neqoxec]
 25835 | Orc:2    | Found Udou's Book Emporium.
 25886 | Orc:2    | Found Casymel's General Store.
 25901 | Orc:2    | Found Xoseumo's Antique Armour Emporium.
 25911 | Orc:2    | Reached XP level 15. HP: 131/139 MP: 20/20
 25915 | Orc:2    | Bought a crude ring mail for 297 gold pieces
 25918 | Orc:2    | Identified the +0 ring mail of Byizxem {rPois rN+ Slay-4}
                  | (You bought it in a shop on level 2 of the Orcish Mines)
 26007 | Orc:2    | Found Qeask's Antique Weapon Boutique.
 26511 | D:12     | Noticed Urug
 26530 | D:12     | Killed Urug
 26577 | D:12     | Found a runed gate.
 26577 | D:12     | Found a runed gate.
 26577 | D:12     | Found a runed gate.
 26661 | D:12     | Noticed Gastronok
 26693 | D:12     | Killed Gastronok
 26739 | D:12     | Noticed Kirke
 26760 | D:12     | Killed Kirke
 26940 | D:12     | Got a steaming hunting sling
 26942 | D:12     | Identified the +8 hunting sling of Hepliaklqana's Delight
                  | {venom, rN+++ Int+3 SInv} (You found it on level 12 of the
                  | Dungeon)
 27141 | D:12     | Noticed lis82's ghost (journeyman DgEE)
 27180 | D:12     | Found a large runed door.
 27184 | D:12     | Found a large runed door.
 27639 | D:12     | Found a deep blue altar of Sif Muna.
 27642 | D:12     | Found a hazy altar of Hepliaklqana.
 27694 | D:12     | Killed lis82's ghost
 27920 | D:6      | Killed SaintSock's ghost
 27998 | D:8      | Found a basalt altar of Yredelemnul.
 28000 | D:8      | Found a sparkling altar of Nemelex Xobeh.
 28162 | D:8      | Found the +11 plutonium sword {*Contam Stlth-}
 28432 | Lair:2   | Killed Hedig's ghost
 28444 | Lair:2   | Killed Naurics's ghost
 28453 | Lair:2   | Killed Naurics's ghost
 28779 | Lair:2   | Killed Ivadekk's ghost
 28818 | Lair:2   | Got a fine marble ring
 28820 | Lair:2   | Identified the cursed ring "Qedghigux" {rPois rF+ Str-4
                  | Dex-6} (You found it on level 2 of the Lair of Beasts)
 29443 | D:13     | Found a bloodstained altar of Trog.
 29452 | D:13     | Noticed Rupert
 30011 | D:13     | Killed Rupert
 30788 | D:14     | Noticed Josephine
 30801 | D:14     | Killed Josephine
 30896 | D:14     | Found a gate to the Vaults.
 31174 | D:14     | Reached XP level 16. HP: 111/147 MP: 21/21
 32186 | D:14     | Noticed Azrael
 32210 | D:14     | Noticed Azrael
 32210 | D:14     | Azrael changed into Azrael the hell hog
 32229 | D:14     | Killed Azrael the hell hog
 32613 | D:14     | Noticed Roxanne
 32650 | D:14     | Killed Roxanne
 32800 | D:14     | Identified Roxanne's Almanac of Changing (You took it off
                  | Roxanne on level 14 of the Dungeon)
 33170 | D:14     | Found a sacrificial altar of Ru.
 33209 | D:15     | Entered Level 15 of the Dungeon
 34277 | D:15     | Found a staircase to the Depths.
 34868 | Spider:1 | Entered Level 1 of the Spider Nest
 36553 | Spider:2 | Reached skill level 15 in Fighting
 38272 | Spider:3 | Reached XP level 17. HP: 146/156 MP: 22/22
 38301 | Spider:3 | Found a runed door.
 40086 | Spider:4 | Entered Level 4 of the Spider Nest
 40174 | Spider:4 | Reached skill level 16 in Fighting
 40522 | Spider:4 | Found a runed door.
 40522 | Spider:4 | Found a shimmering altar of Xom.
 40522 | Spider:4 | Noticed IceCat's ghost (adept DrTm)
 41913 | Spider:4 | Got a gossamer rune of Zot
 42082 | Shoals:1 | Entered Level 1 of the Shoals
 43073 | Shoals:2 | Found Boudo's General Store.
 43677 | Shoals:3 | Reached skill level 17 in Fighting
 43915 | Shoals:3 | Reached XP level 18. HP: 167/169 MP: 23/23
 45287 | Shoals:3 | Reached skill level 18 in Fighting
 45370 | Shoals:4 | Entered Level 4 of the Shoals
 45599 | Shoals:4 | Found Tediphu's Food Shoppe.
 46232 | Shoals:4 | Reached skill level 19 in Fighting
 46399 | Shoals:4 | Got a barnacled rune of Zot
 46909 | Shoals:4 | Found Ceon Jycs's General Store.
 46918 | Shoals:4 | Bought 3 scrolls of enchant armour for 382 gold pieces
 47004 | Shoals:4 | Identified the +6 scale mail "Ecacw" {*Drain rC+ Int+5
                  | Dex+3} (You found it on level 4 of the Shoals)
 47113 | Shoals:4 | Found Ehacoem's Distillery.
 47121 | Shoals:4 | Bought a potion of cancellation for 120 gold pieces
 47121 | Shoals:4 | Bought a potion of heal wounds for 75 gold pieces
 47121 | Shoals:4 | Bought a potion of cancellation for 120 gold pieces
 47383 | Shoals:4 | Found Peiwn's Antique Armour Emporium.
 47392 | Shoals:4 | Bought an ancient leather armour for 259 gold pieces
 47392 | Shoals:4 | Bought a pair of runed gloves for 277 gold pieces
 47422 | Shoals:4 | Identified the cursed +1 leather armour of Gozag's Reproof
                  | {rF+ MR+ Str+2} (You bought it in a shop on level 4 of the
                  | Shoals)
 47785 | Elf:1    | Entered Level 1 of the Elven Halls
 47787 | Elf:1    | Lost mutation: Scrolls take you a little longer to read.
                  | [potion of mutation]
 47787 | Elf:1    | Lost mutation: Your body sometimes deteriorates upon taking
                  | damage. [potion of mutation]
 47787 | Elf:1    | Gained mutation: You are dopey. (Int -2) [potion of
                  | mutation]
 47787 | Elf:1    | Lost mutation: You are dopey. (Int -2) [potion of mutation]
 47787 | Elf:1    | Gained mutation: You have supernaturally acute eyesight.
                  | (SInv) [potion of mutation]
 47787 | Elf:1    | Gained mutation: You have large cloven feet. [potion of
                  | mutation]
 47983 | Elf:1    | Found a magical portal.
 47992 | WizLab   | Entered Wucad Mu's Monastery
 48178 | WizLab   | Found the +9 staff of Wucad Mu {channel}
 48520 | Elf:1    | Reached XP level 19. HP: 184/184 MP: 24/24
 49782 | Elf:2    | Reached XP level 20. HP: 152/193 MP: 25/25
 49900 | Elf:2    | Found a large runed door.
 49901 | Elf:2    | Found a large runed door.
 49906 | Elf:2    | Noticed IceCat's ghost (veteran HOFi)
 50102 | Elf:2    | Found a runed gate.
 50102 | Elf:2    | Found a runed gate.
 50102 | Elf:2    | Found a runed gate.
 50178 | Elf:2    | Identified the Incunabulum of Fire and Air
 50198 | Elf:2    | Found Jileraq's Jewellery Boutique.
 50431 | Elf:3    | Entered Level 3 of the Elven Halls
 50439 | Elf:3    | Reached skill level 20 in Fighting
 51298 | Elf:3    | Reached skill level 10 in Throwing
 51537 | Elf:3    | Noticed Louise
 51567 | Elf:3    | Reached skill level 5 in Charms
 51925 | Elf:3    | Got a transparent jade ring
 52300 | Elf:3    | Identified the ring "Xalig" {Ice MP+9 Str+3 Int+2 Slay+3}
                  | (You took it off a deep elf blademaster on level 3 of the
                  | Elven Halls)
 52608 | Elf:3    | Identified the +2 ring mail "Luitwije" {rElec rF+ Str+2}
                  | (You took it off a deep elf high priest on level 3 of the
                  | Elven Halls)
 52711 | Elf:3    | Killed Louise
 52778 | Elf:3    | Noticed Donald
 52786 | Elf:3    | Killed Donald
 52911 | Elf:3    | Identified the cursed +1 fustibalus of Painful Death
                  | {venom, rC++} (You took it off Donald on level 3 of the
                  | Elven Halls)
 52925 | Elf:3    | Identified the Almanac of the Supportive Blaze
 52961 | Elf:3    | Identified the Almanac of the Blowfly
 53073 | Elf:3    | Learned a level 2 spell: Song of Slaying
 53317 | Vaults:1 | Entered Level 1 of the Vaults
 53342 | Vaults:1 | Reached skill level 15 in Dodging
 54077 | Vaults:1 | Learned a level 3 spell: Regeneration
 54136 | Vaults:1 | Reached XP level 21. HP: 150/202 MP: 27/27
 54633 | Vaults:1 | Found Gyipyrch's Assorted Antiques.
 55307 | Vaults:2 | Found a flickering gateway to a bazaar.
 55323 | Bazaar   | Entered a bazaar
 55453 | Bazaar   | Found Kyno's Jewellery Boutique.
 55471 | Bazaar   | Found Wotebuf's Weapon Shoppe.
 55490 | Bazaar   | Found Getrae's Book Boutique.
 55507 | Bazaar   | Found Vanorch's Assorted Antiques.
 55512 | Bazaar   | Bought a scroll of magic mapping for 73 gold pieces
 55512 | Bazaar   | Bought a sparkling garnet amulet for 105 gold pieces
 55512 | Bazaar   | Identified the amulet "Sigotil" {+Rage Str+4} (You bought
                  | it in a shop in a bazaar)
 55575 | Vaults:2 | Noticed Asterion
 55582 | Vaults:2 | Killed Asterion
 55793 | Vaults:2 | Reached skill level 21 in Fighting
 57449 | Vaults:2 | Found a staircase to the Crypt.
 58411 | Vaults:3 | Reached XP level 22. HP: 213/213 MP: 28/28
 60270 | Vaults:4 | Reached skill level 15 in Armour
 60647 | Vaults:4 | Noticed Mara
 60652 | Vaults:4 | Noticed Vvilia's illusion
 60687 | Vaults:4 | Killed Mara
 61024 | Depths:1 | Entered Level 1 of the Depths
 61120 | Depths:1 | Found Dipt's General Store.
 61443 | Depths:1 | Noticed an ancient lich
 61455 | Depths:1 | Killed an ancient lich
 61872 | Depths:1 | Found a gateway to Hell.
 61896 | Depths:1 | Found a runed gate.
 61897 | Depths:1 | Found a runed gate.
 61897 | Depths:1 | Found a runed gate.
 61899 | Depths:1 | Noticed an ancient lich
 61899 | Depths:1 | Noticed Kireo's ghost (veteran HaFi)
 61899 | Depths:1 | Noticed an ancient lich
 62306 | Depths:1 | Found a one-way gate to the infinite horrors of the Abyss.
 62387 | Depths:2 | Reached skill level 22 in Fighting
 62416 | Depths:2 | Reached XP level 23. HP: 126/223 MP: 29/29
 63043 | Depths:2 | Found a gateway to a ziggurat.
 63075 | Depths:1 | Reached skill level 10 in Charms
 63708 | Depths:2 | Found a shattered altar of Ashenzari.
 63916 | Depths:2 | Found a shimmering altar of Xom.
 64622 | Depths:2 | Identified Sif Muna's Compendium of Protection and Battle
                  | Magic
 65810 | Depths:3 | Noticed an ancient lich
 65815 | Depths:3 | Killed an ancient lich
 65826 | Depths:3 | Identified the amulet "Biuchey" {+Rage MR+ Int+3 Dex+2
                  | Slay-6} (You found it on level 3 of the Depths)
 65959 | Depths:3 | Noticed a caustic shrike
 65964 | Depths:3 | Noticed a caustic shrike
 65968 | Depths:3 | Killed a caustic shrike
 65976 | Depths:3 | Killed a caustic shrike
 66144 | Depths:3 | Noticed a caustic shrike
 66144 | Depths:3 | Noticed a caustic shrike
 66144 | Depths:3 | Noticed a caustic shrike
 66157 | Depths:3 | Killed a caustic shrike
 66158 | Depths:3 | Killed a caustic shrike
 66159 | Depths:3 | Killed a caustic shrike
 66445 | Depths:3 | Found a one-way gate leading to the halls of Pandemonium.
 67007 | Depths:4 | Noticed Jory
 67024 | Depths:4 | Killed Jory
 67024 | Depths:4 | Reached XP level 24. HP: 117/233 MP: 29/29
 67395 | Depths:4 | Found a large runed door.
 67395 | Depths:4 | Found a large runed door.
 68544 | Depths:5 | Entered Level 5 of the Depths
 69661 | Depths:5 | Noticed a juggernaut
 69683 | Depths:5 | Killed a juggernaut
 70153 | Depths:5 | Reached skill level 23 in Fighting
 70876 | Depths:5 | Found a gate to the Realm of Zot.
 70952 | Depths:5 | Found a runed door.
 71116 | Depths:5 | Reached skill level 15 in Throwing
 71710 | Vaults:4 | Reached XP level 25. HP: 243/243 MP: 29/29
 71715 | Vaults:5 | Entered Level 5 of the Vaults
 71747 | Vaults:5 | Reached XP level 26. HP: 153/253 MP: 29/29
 72393 | Vaults:5 | Reached skill level 24 in Fighting
 73236 | Vaults:5 | Got a flickering marble ring
 73517 | Vaults:5 | Identified the ring "Xefu" {*Tele Str+4} (You took it off a
                  | deep elf mage on level 5 of the Vaults)
 73706 | Vaults:5 | Identified the +2 chain mail of Pragmatism {*Slow Slay+5}
                  | (You found it on level 5 of the Vaults)
 73938 | Vaults:5 | Got a glittering steel ring
 73954 | Vaults:5 | Noticed an ancient lich
 73993 | Vaults:5 | Killed an ancient lich
 74049 | Vaults:5 | Identified the Collected Works on Displacement
 74052 | Vaults:5 | Got a silver rune of Zot
 74054 | Vaults:5 | Identified the ring "Ufekid" {rCorr -Tele rC+ rN+ SInv}
                  | (You took it off an ironbrand convoker on level 5 of the
                  | Vaults)
 74436 | Vaults:5 | Identified the cursed +0 plate armour of Vygucoaff {rN+ MR+
                  | Int+2} (You found it on level 5 of the Vaults)
 74991 | Vaults:1 | Bought a scroll of enchant armour for 240 gold pieces
 75167 | D:10     | Bought a wand of digging (11) for 360 gold pieces
 75406 | Zot:1    | Entered Level 1 of the Realm of Zot
 76249 | Zot:2    | Reached XP level 27. HP: 264/264 MP: 29/29
 76279 | Zot:2    | Reached skill level 25 in Fighting
 77985 | Zot:3    | Noticed an orb of fire
 77992 | Zot:3    | Gained mutation: You are frail. (-10% HP) [an orb of fire]
 77995 | Zot:3    | Gained mutation: Armour fits poorly on your strangely
                  | shaped body. [an orb of fire]
 77998 | Zot:3    | Killed an orb of fire
 78684 | Zot:3    | Noticed an orb of fire
 78693 | Zot:3    | Killed an orb of fire
 78693 | Zot:3    | Reached skill level 26 in Fighting
 80658 | Zot:4    | Noticed an orb of fire
 80697 | Zot:5    | Entered Level 5 of the Realm of Zot
 81293 | Zot:5    | Noticed an ancient lich
 81294 | Zot:5    | Noticed an ancient lich
 81302 | Zot:5    | Killed an ancient lich
 81306 | Zot:5    | Killed an ancient lich
 81307 | Zot:5    | Noticed an orb of fire
 81320 | Zot:5    | Noticed an ancient lich
 81761 | Zot:5    | Gained mutation: Your magical capacity is low. (-10% MP)
                  | [an orb of fire]
 81764 | Zot:5    | Gained mutation: Your spells are a little easier to cast,
                  | but a little less powerful. [an orb of fire]
 81768 | Zot:5    | Killed an orb of fire
 82031 | Zot:5    | Killed an ancient lich
 82076 | Zot:5    | Noticed an ancient lich
 82083 | Zot:5    | Killed an ancient lich
 82126 | Zot:5    | Reached skill level 27 in Fighting
 82787 | Zot:5    | Noticed an orb of fire
 82792 | Zot:5    | Killed an orb of fire
 83005 | Zot:5    | Noticed an orb of fire
 83014 | Zot:5    | Killed an orb of fire
 83019 | Zot:5    | Noticed an orb of fire
 83042 | Zot:5    | Gained mutation: You are clumsy. (Dex -2) [an orb of fire]
 83044 | Zot:5    | Gained mutation: You are occasionally teleported next to
                  | monsters. [an orb of fire]
 83554 | Zot:5    | Gained mutation: You are very clumsy. (Dex -4) [an orb of
                  | fire]
 83909 | Zot:5    | Gained mutation: You are weak. (Str -2) [an orb of fire]
 83915 | Zot:5    | Gained mutation: You tend to lose your temper in combat.
                  | [an orb of fire]
 83920 | Zot:5    | Lost mutation: You are weak. (Str -2) [an orb of fire]
 83922 | Zot:5    | Gained mutation: You often lose your temper in combat. [an
                  | orb of fire]
 83931 | Zot:5    | Killed an orb of fire
 84100 | Zot:5    | Noticed an orb of fire
 84155 | Zot:5    | Lost mutation: You have large cloven feet. [potion of
                  | mutation]
 84155 | Zot:5    | Lost mutation: You often lose your temper in combat.
                  | [potion of mutation]
 84155 | Zot:5    | Gained mutation: You are partially covered in yellow
                  | scales. (AC +2) [potion of mutation]
 84155 | Zot:5    | Lost mutation: You are very clumsy. (Dex -4) [potion of
                  | mutation]
 84155 | Zot:5    | Gained mutation: You are mostly covered in yellow scales.
                  | (AC +3) [potion of mutation]
 84156 | Zot:5    | Lost mutation: You tend to lose your temper in combat.
                  | [potion of mutation]
 84156 | Zot:5    | Lost mutation: You are frail. (-10% HP) [potion of
                  | mutation]
 84156 | Zot:5    | Gained mutation: You expend magic power (3 MP) to
                  | strengthen your wands. [potion of mutation]
 84157 | Zot:5    | Lost mutation: Armour fits poorly on your strangely shaped
                  | body. [potion of mutation]
 84157 | Zot:5    | Lost mutation: You are clumsy. (Dex -2) [potion of
                  | mutation]
 84157 | Zot:5    | Lost mutation: Your magical capacity is low. (-10% MP)
                  | [potion of mutation]
 84157 | Zot:5    | Gained mutation: Armour fits poorly on your strangely
                  | shaped body. [potion of mutation]
 84157 | Zot:5    | Gained mutation: Your flesh is heat resistant. (rF+)
                  | [potion of mutation]
 84158 | Zot:5    | Lost mutation: Your spells are a little easier to cast, but
                  | a little less powerful. [potion of mutation]
 84158 | Zot:5    | Lost mutation: You expend magic power (3 MP) to strengthen
                  | your wands. [potion of mutation]
 84158 | Zot:5    | Lost mutation: Armour fits poorly on your strangely shaped
                  | body. [potion of mutation]
 84158 | Zot:5    | Gained mutation: Your natural rate of healing is unusually
                  | fast. [potion of mutation]
 84158 | Zot:5    | Gained mutation: Your system is resistant to poisons.
                  | (rPois) [potion of mutation]
 84158 | Zot:5    | Gained mutation: You have a pair of large horns on your
                  | head. [potion of mutation]
 84763 | Zot:5    | Got the Orb of Zot
 84913 | Zot:1    | Noticed Foocan the pandemonium lord
 85238 | D:9      | Noticed Nuonlag the pandemonium lord
 85505 | D:$      | Escaped with the Orb!

Skill      XL: |  1  2  3  4  5  6  7  8  9 10 11 12 13 14 15 16 17 18 19 20 21 22 23 24 25 26 27 |
---------------+----------------------------------------------------------------------------------+-----
Long Blades    | 4 5 6 7 8 10 12 14 15 19 22 23 24 | 24.0
Fighting       | 3 4 5 6 7 8 10 11 12 13 14 15 17 19 20 21 22 23 24 27 | 27.0
Dodging        | 4 5 6 7 8 10 11 12 13 14 15 16 17 18 19 20 24 | 24.3
Armour         | 4 7 9 10 11 13 14 15 16 17 18 20 24 | 24.7
Evocations     | 4 7 8 9 |  9.5
Throwing       | 4 6 8 9 11 12 13 14 15 16 | 16.0
Charms         | 1 3 4 5 7 9 11 | 11.4

Action                   |  1- 3 |  4- 6 |  7- 9 | 10-12 | 13-15 | 16-18 | 19-21 | 22-24 | 25-27 || total
-------------------------+-------+-------+-------+-------+-------+-------+-------+-------+-------++-------
Melee: Long sword        |    53 |   155 |   411 |    77 |       |       |       |       |       ||   696
       Headbutt          |     6 |    33 |   100 |   151 |   379 |   353 |   310 |   523 |   689 ||  2544
       Scimitar          |       |       |       |   545 |   665 |       |       |       |       ||  1210
       Great sword       |       |       |       |       |   531 |       |       |       |       ||   531
       Triple sword      |       |       |       |       |   187 |  1374 |  1093 |  1422 |  1648 ||  5724
 Fire: Hunting sling     |       |     9 |       |       |     2 |       |       |       |       ||    11
Throw: Stone             |     6 |     9 |     9 |    37 |    11 |       |       |       |       ||    72
       Throwing net      |     1 |     1 |       |       |       |       |       |     1 |       ||     3
       Javelin           |       |       |       |       |    34 |    63 |    10 |     6 |    13 ||   126
 Cast: Song of Slaying   |       |       |       |       |       |       |    15 |    12 |    13 ||    40
       Infusion          |       |       |       |       |       |       |     5 |       |       ||     5
       Regeneration      |       |       |       |       |       |       |       |     2 |       ||     2
Invok: Lunge             |       |       |    22 |   154 |   360 |   342 |   207 |   228 |   195 ||  1508
       Whirlwind         |       |       |    15 |   233 |   559 |   461 |   344 |   392 |   337 ||  2341
       Wall Jump         |       |       |       |     1 |       |       |       |       |       ||     1
       Serpent's Lash    |       |       |       |       |     2 |    18 |    35 |    50 |    39 ||   144
       Heavenly Storm    |       |       |       |       |       |     1 |       |       |     1 ||     2
 Abil: Wall Jump         |       |       |       |     1 |     3 |       |       |       |     5 ||     9
       Stop Flying       |       |       |       |       |     1 |       |       |     3 |       ||     4
       Evoke Invisibilit |       |       |       |       |       |       |     1 |       |     2 ||     3
       Evoke Flight      |       |       |       |       |       |       |       |     3 |       ||     3
Evoke: Wand              |       |       |     1 |    35 |    55 |     1 |     4 |       |     8 ||   104
       Lamp of fire      |       |       |       |       |       |     1 |       |       |       ||     1
  Use: Scroll            |       |     2 |     5 |    12 |    20 |    11 |    13 |    15 |    17 ||    95
       Potion            |       |       |     3 |     2 |       |     8 |     2 |     1 |    23 ||    39
 Stab: Held in net/web   |       |     1 |       |       |       |       |       |     1 |       ||     2
       Invisible         |       |       |     2 |       |       |     2 |     4 |       |     3 ||    11
       Confused          |       |       |       |       |     1 |       |       |       |       ||     1
       Distracted        |       |       |       |       |       |     1 |       |     5 |     1 ||     7
       Sleeping          |       |       |       |       |       |       |     2 |     2 |       ||     4
  Eat: Chunk             |     1 |     9 |    10 |    14 |    39 |    33 |    22 |    22 |     9 ||   159
       Ration            |       |       |     2 |     3 |     3 |     7 |     4 |     8 |    11 ||    38
Armor: Leather armour    |    18 |     9 |       |       |       |       |       |       |       ||    27
       Chain mail        |       |    46 |   164 |   180 |   440 |   323 |    88 |       |       ||  1241
       Skin              |       |       |     2 |       |       |       |       |       |       ||     2
       Plate armour      |       |       |       |       |    88 |   406 |       |       |       ||   494
       Ring mail         |       |       |       |       |       |       |    77 |   166 |       ||   243
       Gold dragon scale |       |       |       |       |       |       |       |    93 |   685 ||   778
Dodge: Dodged            |    47 |    90 |   191 |   247 |   865 |   742 |   451 |   822 |   918 ||  4373
       Rpst.: Long sword |    13 |    18 |    46 |     9 |       |       |       |       |       ||    86
       Scimitar          |       |       |       |    52 |   103 |       |       |       |       ||   155
       Great sword       |       |       |       |       |    71 |       |       |       |       ||    71
       Triple sword      |       |       |       |       |    30 |   135 |    90 |   169 |   142 ||   566
